 Dungeon Crawl Stone Soup version 0.23-a0-4-g8f018a2 (webtiles) character file.

83 prawnwizard the Slasher (level 4, 0/34 HPs)
             Began as a Demonspawn Gladiator on July 31, 2018.
             Succumbed to an adder's poison
             ... on level 2 of the Dungeon.
             The game lasted 00:02:20 (1841 turns).

prawnwizard the Slasher (Demonspawn Gladiator)      Turns: 1841, Time: 00:02:20

Health: 0/34       AC:  6    Str: 16    XL:     4   Next: 22%
Magic:  4/4        EV: 13    Int:  9    God:
Gold:   79         SH:  0    Dex: 14    Spells: 3/3 levels left

rFire    . . .     SeeInvis .   a - +0 long sword
rCold    + . .     Gourm    .   (no shield)
rNeg     . . .     Faith    .   b - +0 leather armour
rPois    .         Spirit   .   c - +0 helmet
rElec    .         Reflect  .   (no cloak)
rCorr    .         Harm     .   (no gloves)
MR       .....                  (no boots)
Stlth    +.........             (no amulet)
HPRegen  0.11/turn              (no ring)
MPRegen  0.09/turn              (no ring)

@: lethally poisoned (0 -> -1)
A: iridescent scales 1, cold resistance 1
a: no special abilities


You were on level 2 of the Dungeon.
You were not hungry.

You visited 1 branch of the dungeon, and saw 2 of its levels.

You collected 79 gold pieces.

Inventory:

Hand Weapons
 a - a +0 long sword (weapon)
 i - a +0 hunting sling of freezing
Missiles
 d - 4 throwing nets (quivered)
Armour
 b - a +0 leather armour (worn)
 c - a +0 helmet (worn)
Scrolls
 e - a scroll of teleportation {unknown}
 g - 4 scrolls of identify {unknown}
 h - 2 scrolls of immolation {unknown}
 j - a scroll of amnesia {unknown}
 m - a scroll of fear {unknown}
 n - 2 scrolls of remove curse {unknown}
 p - a scroll of fog {unknown}
Comestibles
 f - 5 rations
 o - 3 chunks of flesh


   Skills:
 + Level 2.7 Fighting
 * Level 3.8 Long Blades
 - Level 1.7 Throwing
 + Level 3.2 Dodging


You had 3 spell levels left.
You didn't know any spells.
Your spell library was empty.

Dungeon Overview and Level Annotations

Branches:
Dungeon (2/15)

Altars:


Innate Abilities, Weirdness & Mutations

You are partially covered in iridescent scales. (AC +2)
Your flesh is cold resistant. (rC+)


Message History

You closely miss the adder. The adder completely misses you.
The adder bites you but does no damage.
You miss the adder. The adder bites you.
* * * LOW HITPOINT WARNING * * *
You are lethally poisoned!
The adder poisons you! The adder misses you.
You slash the adder!
The adder is almost dead.
* * * LOW HITPOINT WARNING * * *
You feel sick. The adder bites you but does no damage.
You hit the adder.
You kill the adder!
There is a lethal amount of poison in your body!
There is a lethal amount of poison in your body!
There is a lethal amount of poison in your body!
There is a lethal amount of poison in your body!
You are too injured to fight recklessly!
* * * LOW HITPOINT WARNING * * *
You feel sick.
You die...

...........#
.............######
..................#
.............#.#
...............#
)............###
..................#
####.....%...........##
...............@).....#
....$.?.####.#..).....#
...(....# #?#......###
........####†#..<.###
.........##†......#
......?...)(.....##
..........######..#
........### #..#
........# ##.#


There were no monsters in sight!

Vanquished Creatures
  3 adders (D:2)
  A worm (D:2)
  2 dart slugs (D:1)
  A leopard gecko (D:1)
  6 bats (D:1)
  2 giant cockroaches (D:1)
  7 goblins
  3 hobgoblins
  6 jackals
  7 kobolds
  3 frilled lizards
  4 rats
45 creatures vanquished.

Notes
Turn   | Place    | Note
-------+----------+-------------------------------------------
     0 | D:1      | prawnwizard the Demonspawn Gladiator began the quest for the Orb.
     0 | D:1      | Reached XP level 1. HP: 16/16 MP: 1/1
   542 | D:1      | Gained mutation: Your flesh is cold resistant. (rC+) [demonic ancestry]
   542 | D:1      | Reached XP level 2. HP: 22/22 MP: 2/2
   979 | D:1      | Reached XP level 3. HP: 28/28 MP: 3/3
  1782 | D:2      | Gained mutation: You are partially covered in iridescent scales. (AC +2) [demonic ancestry]
  1782 | D:2      | Reached XP level 4. HP: 6/34 MP: 4/4
  1807 | D:2      | HP: 2/51 [poisoned by an adder]
  1834 | D:2      | HP: 1/34 [poisoned by an adder]
  1841 | D:2      | Succumbed to an adder's poison

Vault maps used:
D:1:      dpeg_arrival_chambers_temple_mockup
D:2:      okawaru_metal_pillars_1_2, minmay_lizard_king

Skill      XL: |  1  2 |
---------------+-------+-----
Long Blades    | 3 |  3.8
Dodging        | 3 |  3.2
Fighting       | |  2.7
Throwing       | |  1.7

Action                   |  1- 3 |  4- 6 || total
-------------------------+-------+-------++-------
Melee: Long sword        |   152 |    10 ||   162
  Use: Potion            |       |     2 ||     2
  Eat: Chunk             |     3 |       ||     3
Armor: Leather armour    |    60 |     2 ||    62
       Skin              |       |     4 ||     4
Dodge: Dodged            |   133 |     2 ||   135
       Rpst.: Long sword |    44 |       ||    44

Table legend:
 A = Spawn XP
 B = Non-spawn XP
 C = Spawn XP percentage of total XP
 D = Spawn monster count
 E = Non-spawn monster count
 F = Spawn count percentage of total count
 G = Total turns spent on level
                    A         B        C        D         E        F      G
               +---------+---------+-------+---------+---------+-------+---------
         Total |       0 |     119 |   0.0 |       0 |      45 |   0.0 |  1841
               +---------+---------+-------+---------+---------+-------+---------
           D:1 |       0 |      52 |   0.0 |       0 |      29 |   0.0 |  1665
           D:2 |       0 |      67 |   0.0 |       0 |      16 |   0.0 |   176
               +---------+---------+-------+---------+---------+-------+---------
